 Dungeon Crawl Stone Soup version 0.21.0-3-g78d12a8bdd (webtiles) character file.

513688 Kenran the Slayer (level 24, -3/208 HPs)
             Began as a Demonspawn Fighter on Jan 16, 2018.
             Was a High Priest of Cheibriados.
             Slain by an acid blob (18 damage)
             ... created by the Royal Jelly
             ... on level 5 of the Pits of Slime.
             The game lasted 01:47:51 (59700 turns).

Kenran the Slayer (Demonspawn Fighter)             Turns: 59700, Time: 01:47:52

Health: -3/208     AC: 19    Str: 41    XL:     24   Next: 41%
Magic:  20/34      EV: 25    Int: 33    God:    Cheibriados [*****.]
Gold:   4460       SH: 33    Dex: 32    Spells: 27/31 levels left

rFire    + . .     SeeInvis +   a - +9 demon whip (elec)
rCold    . . .     Gourm    .   u - +2 large shield
rNeg     + . .     Faith    .   F - +0 acid dragon scales
rPois    +         Spirit   .   M - +3 crown of Dyrovepreva {rElec Int+2 SInv}
rElec    +         Reflect  +   R - +1 cloak
rCorr    +         Harm     .   C - +0 pair of gloves of Blue Skies {rPois rC- Slay+6}
MR       +++..                  (boots unavailable)
Stlth    ++........             O - +5 amulet of reflection
HPRegen  0.44/turn              W - ring of Dukubum {+Blink +Fly rF+ Int+4 SInv}
MPRegen  0.24/turn              b - ring "Awexie" {+Fly rPois rC+ Dex+5}

@: corroded, very slow
A: talons 3, slimy green scales 3, clever 1, demonic guardian 2, foul stench 1,
magic resistance 2, negative energy resistance 1, screaming 1, shaggy fur 1, 50%
torment resistance, black mark, rot immunity
}: 2/15 runes: decaying, serpentine
a: Bend Time, Temporal Distortion, Slouch, Step From Time, Renounce Religion,
Evoke Blink, Evoke Flight


You were on level 5 of the Pits of Slime.
You worshipped Cheibriados.
Cheibriados was extremely pleased with you.
You were not hungry.

You visited 10 branches of the dungeon, and saw 49 of its levels.
You also visited: Wizlab.

You collected 6399 gold pieces.
You spent 1939 gold pieces at shops.

Inventory:

Hand Weapons
 a - a +9 demon whip of electrocution (weapon)
Armour
 r - the +7 chain mail of Varghoah {rC+ rN+ MR+ Stlth+}
   (You found it on level 4 of the Lair of Beasts)

   It protects you from cold.
   It protects you from negative energy.
   It affects your resistance to hostile enchantments.
   It makes you more stealthy.
 u - a +2 large shield (worn)
 C - the +0 pair of gloves of Blue Skies (worn) {rPois rC- Slay+6}
   (You bought it in a shop on level 2 of the Orcish Mines)

   It affects your accuracy and damage with ranged weapons and melee attacks
   (+6).
   It makes you vulnerable to cold.
   It protects you from poison.
 F - +0 acid dragon scales (worn)
 M - the +3 crown of Dyrovepreva (worn) {rElec Int+2 SInv}
   (You bought it in a shop on level 3 of the Snake Pit)

   It affects your intelligence (+2).
   It insulates you from electricity.
   It lets you see invisible.
 R - a +1 cloak (worn)
Jewellery
 b - the ring "Awexie" (right hand) {+Fly rPois rC+ Dex+5}
   (You found it in a wizard's laboratory)

   [ring of flight]

   It affects your dexterity (+5).
   It protects you from cold.
   It protects you from poison.
   It lets you fly.
 y - a cursed ring of protection from magic
 O - a +5 amulet of reflection (around neck)
 W - the ring of Dukubum (left hand) {+Blink +Fly rF+ Int+4 SInv}
   (You found it in a wizard's laboratory)

   [ring of flight]

   It affects your intelligence (+4).
   It protects you from fire.
   It lets you see invisible.
   It lets you fly.
   It lets you blink.
 Y - a +5 ring of protection
Wands
 c - a wand of flame (39)
 w - a wand of polymorph (58)
 B - a wand of paralysis (1)
 D - a wand of scattershot (17)
 K - a wand of disintegration (29)
 N - a wand of digging (7)
 Q - a wand of acid (12)
 T - a wand of iceblast (30)
 V - a wand of enslavement (21)
 Z - a wand of clouds (6)
Scrolls
 e - 10 scrolls of teleportation {@r4}
 g - 9 scrolls of remove curse {@r2}
 i - 7 scrolls of fear
 k - 13 scrolls of enchant armour
 o - 2 scrolls of blinking {@r3}
 p - 8 scrolls of magic mapping
 s - 13 scrolls of immolation {!r}
 t - 22 scrolls of identify {@r1}
 z - 10 scrolls of fog
 G - 10 scrolls of amnesia
 H - 2 scrolls of summoning
Potions
 d - 7 potions of might {@q4}
 j - 13 potions of brilliance
 l - 5 potions of heal wounds {@q2}
 m - 3 potions of ambrosia
 n - 12 potions of curing {@q1}
 q - 6 potions of lignification {!q}
 v - 3 potions of cancellation {@q6}
 A - 3 potions of agility {@q5}
 I - 11 potions of flight
 L - 3 potions of magic
 P - 3 potions of resistance
 U - 5 potions of mutation {!q}
Miscellaneous
 h - a phial of floods
 x - 3 phantom mirrors
 E - 2 sacks of spiders
Comestibles
 f - 48 rations


   Skills:
 - Level 21.0 Fighting
   Level 15.4(16.2) Axes
 - Level 9.2(13.4) Maces & Flails
 - Level 19.2 Armour
 + Level 12.4 Dodging
 - Level 17.0 Shields
 - Level 4.1 Spellcasting
 - Level 7.1 Translocations
 - Level 15.4 Invocations


You had 27 spell levels left.
You knew the following spells:

 Your Spells              Type           Power        Failure   Level  Hunger
a - Blink                 Tloc           N/A          1%          2    None
b - Apportation           Tloc           ######       1%          1    None
c - Summon Butterflies    Summ           #.......     16%         1    None


Dungeon Overview and Level Annotations

Branches:
Dungeon (15/15)            Temple (1/1) D:5            Lair (6/6) D:11
  Swamp (4/4) Lair:3        Snake (4/4) Lair:4        Slime (5/5) Lair:6
    Orc (2/2) D:11            Elf (3/3) Orc:2        Vaults (4/5) D:14
  Crypt (0/3) Vaults:3     Depths (5/5) D:15            Zot (0/5) Depths:5

Altars:
Ashenzari
Cheibriados
Dithmenos
Elyvilon
Fedhas
Gozag
Hepliaklqana
Kikubaaqudgha
Makhleb
Nemelex Xobeh
Okawaru
Qazlal
Ru
Sif Muna
Trog
Uskayaw
Vehumet
Wu Jian
Xom
Yredelemnul
Zin
The Shining One
Beogh
Jiyva

Shops:
D:10 }:}   Orc:2 ??[!}   Snake:1 :   Snake:2 *[[[(   Snake:3 [=}=
Vaults:2 }(:%   Vaults:3 [   Vaults:4 %

Portals:
Hell: Depths:1 Depths:2 Depths:3 Depths:4
Abyss: Depths:3 Depths:4 Depths:5
Pandemonium: Depths:3 Depths:5
Ziggurat: Depths:4
Trove: Depths:3 (show slimy rune of Zot)

Annotations:
D:13 3 runed doors
Depths:5 1 exclusion


Innate Abilities, Weirdness & Mutations

You have claws for feet.
You are completely covered in slimy green scales. (AC +4, rPois)
A demonic guardian rushes to your aid.
You may emit foul miasma when damaged in melee.
You resist negative energy. (rN+)
You are somewhat able to resist unholy torments (1 in 2 success).
Your melee attacks may debilitate your foes.
You are immune to rotting.
Your mind is acute. (Int +2)
You are highly resistant to hostile enchantments. (MR++)
You occasionally shout uncontrollably at your foes.
You are covered in fur. (AC +1)


Message History

The azure jelly hits you but does no damage.
You block the azure jelly's attack. The azure jelly completely misses you.
The azure jelly barely misses you.
The death ooze is engulfed in blazing flames.
You destroy the death ooze!
That felt strangely unrewarding.
The acid blob barely misses you. The death ooze completely misses you.
The death ooze misses you. The azure jelly misses you.
The azure jelly completely misses you. The azure jelly hits you.
* * * LOW HITPOINT WARNING * * *
The azure jelly hits you.
* * * LOW HITPOINT WARNING * * *
The acid blob is engulfed in blazing flames.
The acid blob spits acid at you. The splash of acid hits you! You resist.
* * * LOW HITPOINT WARNING * * *
You are splashed with acid!
The acid burns!
You resist.
* * * LOW HITPOINT WARNING * * *
The acid blob hits you!!
You die...

.▒▒ ▒▒ ..▒ !▒▒
▒▒![ ▒▒.▒ [:▒▒
▒/}$▒▒..▒▒):)▒▒
?[::?....?}$[(▒
)()$..§§..$})"▒
▒%).}.J§J).?(▒
▒▒▒....§@J...▒▒▒▒
......§J§J......▒
▒.....§§§....▒..
▒▒....§.§...▒▒
▒▒$=.)....|.$/▒▒
▒$!}[......?|=!▒
▒))φ)[....$)[:/▒
▒▒)[[▒▒..▒▒$}(▒▒
. ▒▒$$ ▒▒.▒ ??▒▒


You could see 2 acid blobs, 2 azure jellies and a death ooze.

Vanquished Creatures
  the Royal Jelly (Slime:5)
  Mara (Depths:4)
  2 juggernauts (Depths:4)
  Saint Roka (Vaults:1)
  the Lernaean hydra (Swamp:4)
  2 golden dragons
  8 caustic shrikes
  A bone dragon (Depths:4)
  Jorgrun (Vaults:1)
  A lich (Depths:2)
  A Cloud Mage (WizLab)
  A tentacled monstrosity (Depths:4)
  Rupert (Lair:5)
  Asterion (D:15)
  A quicksilver dragon (Depths:2)
  2 titans
  2 deep elf blademasters
  18 acid blobs
  A titan (shapeshifter) (Depths:2)
  2 shadow dragons
  2 thorn hunters
  Agnes (D:14)
  12 azure jellies
  A tengu reaver (Depths:4)
  3 storm dragons
  Frances (Snake:2)
  Donald (Vaults:1)
  6 nagarajas
  3 frost giants
  10 vault wardens
  9 fire giants
  3 iron dragons
  A deep elf sorcerer (Depths:4)
  A draconian scorcher (Depths:5)
  An angel (Depths:4)
  A balrug (Depths:2)
  A large abomination (Depths:2)
  A draconian shifter (Depths:5)
  2 spriggan defenders
  4 deep elf elementalists
  19 very ugly things
  A juggernaut skeleton (Depths:1)
  12 stone giants
  An entropy weaver (Vaults:4)
  11 ironheart preservers
  A stone giant (shapeshifter) (D:13)
  3 vampire knights
  8 deep elf demonologists
  4 deep elf annihilators
  A yellow draconian (Depths:5)
  A purple draconian (Depths:5)
  14 spark wasps
  A white draconian (Depths:5)
  3 dire elephants (Lair:6)
  Azrael (Snake:2)
  A deep elf death mage (Vaults:1)
  4 blizzard demons
  4 ettins
  12 death oozes (Slime:5)
  8 fire dragons
  6 yaktaur captains
  Josephine (D:15)
  The ghost of Yermak the Cleaver, a journeyman DDFi of Makhleb (Lair:6)
  10 great orbs of eyes
  21 naga warriors
  The ghost of Vulpy the Severer, a journeyman HOMo of Beogh (D:11)
  5 vault guards
  Harold (Lair:2)
  Fannar (Orc:1)
  11 ice dragons
  6 deep elf high priests
  A hell beast (Depths:5)
  2 rakshasas (Depths:3)
  9 spriggan air magi
  A catoblepas (D:13)
  11 hydras
  The ghost of FessEmpty2 the Archer, a novice CeHu of Okawaru (D:9)
  6 centaur warriors
  12 anacondas
  4 ghost crabs (WizLab)
  10 ogre magi
  33 two-headed ogres
  24 dancing weapons
  6 alligators
  A death knight (Vaults:1)
  Erica (D:9)
  5 deep troll shamans
  15 shock serpents
  17 spriggan berserkers
  16 tengu warriors
  3 vampire magi
  An orc high priest (Orc:1)
  10 naga sharpshooters
  6 deep troll earth magi
  4 soul eaters
  22 deep elf knights
  8 hell knights
  A shadow wraith (Vaults:1)
  5 sun demons
  A fire crab (shapeshifter) (Vaults:3)
  3 salamander mystics
  A sixfirhy (Depths:3)
  6 iron trolls
  A fire crab (WizLab)
  15 skeletal warriors
  4 flayed ghosts
  11 deep trolls
  A sea snake (shapeshifter) (Depths:3)
  6 death drakes (WizLab)
  6 naga ritualists
  5 unseen horrors
  8 deep elf archers
  3 wizards
  6 glowing orange brains
  2 spriggan druids
  15 swamp dragons
  2 quicksilver dragon simulacra (Depths:2)
  10 orc knights
  2 phantasmal warriors (D:15)
  12 ironbrand convokers
  3 orc sorcerers
  7 necromancers
  4 shambling mangroves
  A shining eye (Slime:4)
  2 orb spiders (shapeshifter)
  A stone giant zombie (Vaults:4)
  2 wolf spiders
  57 deep elf magi
  10 mana vipers
  46 ugly things
  A mana viper (shapeshifter) (D:15)
  A wolf spider (shapeshifter) (Vaults:2)
  A manticore (D:14)
  5 human zombies
  A cyclops (Vaults:2)
  A frost giant zombie (Vaults:3)
  9 rust devils
  10 salamanders
  40 black mambas
  Maurice (D:13)
  26 naga magi
  9 vault sentinels
  6 guardian serpents
  16 elephants
  An ice statue (Depths:2)
  4 apocalypse crabs (WizLab)
  14 spiny frogs
  A gargoyle (D:10)
  A torpor snail (Lair:6)
  2 spiny frogs (shapeshifter)
  A kobold demonologist (Depths:3)
  2 rime drakes (Lair:6)
  A rime drake (shapeshifter) (Depths:3)
  A hellion (Depths:3)
  4 freezing wraiths
  5 tengu conjurers
  2 ice devils
  7 komodo dragons
  24 yaktaurs
  2 hellwings (Depths:5)
  2 queen bees (shapeshifter)
  9 red devils
  2 polar bears
  7 tyrant leeches
  A shadow dragon simulacrum (Vaults:3)
  A wind drake (shapeshifter) (Depths:3)
  A merfolk (shapeshifter) (Depths:4)
  A meliai (shapeshifter) (Depths:3)
  A hornet (shapeshifter) (Depths:3)
  7 trolls
  A wolf spider simulacrum (D:15)
  23 hornets
  An ettin zombie (Vaults:3)
  A fire dragon zombie (Depths:1)
  2 wind drakes (WizLab)
  69 slime creatures
  A blink frog (shapeshifter) (Vaults:4)
  2 raiju (shapeshifter)
  7 hippogriffs
  A fire giant simulacrum (Vaults:4)
  4 bog bodies
  A small abomination (Depths:2)
  15 spriggans
  3 flying skulls (Depths:2)
  8 wraiths
  10 water elementals
  18 air elementals
  8 shadows
  6 wyverns
  A hog (shapeshifter) (D:15)
  A redback (Vaults:4)
  A human (shapeshifter) (Vaults:2)
  2 basilisks
  35 yaks
  A neqoxec (Depths:3)
  4 hungry ghosts
  5 golden eyes (Slime:1)
  A spriggan simulacrum (Depths:1)
  19 vampire mosquitoes
  2 fire elementals (Snake:2)
  A yaktaur simulacrum (Depths:1)
  7 wargs
  Menkaure (D:4)
  24 swamp worms
  A soldier ant (shapeshifter) (Depths:5)
  4 acid dragons
  35 nagas
  Duvessa (D:5)
  2 soldier ants
  21 insubstantial wisps (Swamp:3)
  10 water moccasins
  6 hell hounds
  A floating eye (Depths:5)
  A floating eye (shapeshifter) (D:15)
  10 porcupines
  An eye of draining (Slime:4)
  44 orc warriors
  2 phantoms
  An ice beast (D:13)
  A black bear (shapeshifter) (Depths:3)
  7 sky beasts
  2 sky beasts (shapeshifter)
  8 swamp drakes
  3 black bears
  An ettin simulacrum (Depths:2)
  3 boggarts (Vaults:2)
  5 wolves (Lair:3)
  22 ogres
  11 centaurs
  16 crocodiles
  An elf simulacrum (Vaults:4)
  3 big kobolds
  20 bullfrogs
  An earth elemental (Elf:1)
  A wyvern zombie (D:6)
  A water moccasin zombie (D:5)
  5 scorpions
  17 killer bees
  A vampire bat (D:8)
  20 wights
  2 electric eels
  4 howler monkeys
  4 centaur zombies
  10 crimson imps
  2 bullfrog zombies
  A human simulacrum (Vaults:1)
  7 hounds
  An iron imp (Depths:3)
  6 centaur skeletons
  A jelly (D:8)
  22 orc priests
  A bullfrog skeleton (D:7)
  21 orc wizards
  2 hell rats (Lair:6)
  4 iguanas
  7 worker ants
  7 gnolls
  9 river rats (Lair:6)
  12 adders
  2 shadow imps
  3 white imps
  An ufetubus (Depths:3)
  2 oozes
  An adder zombie (D:9)
  An adder skeleton (D:5)
  4 worms
  4 leopard geckos
  92 orcs
  4 bats
  3 bat skeletons (D:8)
  2 bat zombies (D:8)
  6 giant cockroaches
  11 goblins
  4 hobgoblins (D:1)
  12 jackals
  7 quokkas
  6 frilled lizards
  A jackal zombie (D:7)
  11 kobolds
  A leopard gecko skeleton (D:4)
  6 rats
  A briar patch (Swamp:4)
  3 fungi
  4 plants
1896 creatures vanquished.

Vanquished Creatures (collateral kills)
  A bone dragon (Depths:5)
  An acid blob (Slime:5)
  An azure jelly (Slime:5)
  A fire giant (Depths:3)
  2 very ugly things
  A stone giant (Orc:2)
  A deep elf death mage (Vaults:3)
  2 ogre magi
  A vault guard (Vaults:4)
  A spriggan air mage (Depths:2)
  A hydra (Lair:5)
  An anaconda (Snake:2)
  2 two-headed ogres
  3 deep troll shamans
  A deep elf knight (Vaults:3)
  A hell knight (Depths:4)
  A skeletal warrior (D:13)
  A glowing orange brain (Depths:2)
  A deep troll (Depths:3)
  A deep elf archer (Vaults:3)
  A salamander (Depths:5)
  An ugly thing (Vaults:2)
  2 deep elf magi
  A necromancer (Vaults:4)
  A centaur zombie (D:15)
  A black mamba (Lair:4)
  A centaur skeleton (D:10)
  2 komodo dragons
  2 yaktaurs
  A freezing wraith (Depths:2)
  A red devil (Depths:2)
  A spriggan (Lair:2)
  3 yaks
  A naga (Snake:4)
  4 orc warriors
  2 ogres
  A wolf (Lair:3)
  A bullfrog (D:6)
  A wyvern skeleton (D:13)
  Dowan (D:5)
  A killer bee (D:9)
  A wight (D:10)
  An orc priest (D:10)
  4 orc wizards
  6 orcs
  A giant cockroach (D:4)
68 creatures vanquished.

Vanquished Creatures (others)
  2 stone giants (Depths:1)
  5 yaktaur captains
  8 centaur warriors
  A tengu warrior (Depths:2)
  2 naga sharpshooters (Snake:4)
  A deep elf archer (Elf:2)
  A cyclops (Vaults:1)
  A naga mage (Snake:4)
  16 yaktaurs
  A wind drake (WizLab)
  5 dream sheep (D:8)
  3 orc warriors (Orc:2)
  3 ettin simulacra (Depths:2)
  8 centaurs
  A killer bee (D:9)
  An orc wizard (Elf:1)
  A white imp (Depths:3)
  10 orcs
  17 fungi
  9 plants
96 creatures vanquished.

Grand Total: 2060 creatures vanquished

Notes
Turn   | Place    | Note
-------+----------+-------------------------------------------
     0 | D:1      | Kenran the Demonspawn Fighter began the quest for the Orb.
     0 | D:1      | Reached XP level 1. HP: 18/18 MP: 1/1
    36 | D:1      | Gained mutation: You are partially covered in slimy green scales. (AC +2) [demonic ancestry]
    36 | D:1      | Reached XP level 2. HP: 18/24 MP: 2/2
   690 | D:1      | Gained mutation: You have sharp toenails. [demonic ancestry]
   690 | D:1      | Reached XP level 3. HP: 28/29 MP: 3/3
   707 | D:1      | Found a sparkling altar of Nemelex Xobeh.
  1834 | D:3      | Found a glowing silver altar of Zin.
  1838 | D:3      | Gained mutation: A weak demonic guardian rushes to your aid. [demonic ancestry]
  1838 | D:3      | Reached XP level 4. HP: 35/35 MP: 4/4
  2904 | D:4      | Reached XP level 5. HP: 33/41 MP: 5/5
  2910 | D:4      | Reached skill level 5 in Maces & Flails
  3088 | D:4      | Noticed Menkaure
  3094 | D:4      | Gained mutation: Scrolls take you a little longer to read. [potion of mutation]
  3094 | D:4      | Gained mutation: Your muscles are strong. (Str +2) [potion of mutation]
  3095 | D:4      | Lost mutation: Scrolls take you a little longer to read. [potion of mutation]
  3095 | D:4      | Lost mutation: Your muscles are strong. (Str +2) [potion of mutation]
  3095 | D:4      | Gained mutation: You tend to lose your temper in combat. [potion of mutation]
  3095 | D:4      | Gained mutation: You have sharp fingernails. [potion of mutation]
  3095 | D:4      | Gained mutation: Your skin changes colour to match your surroundings (Stealth+). [potion of mutation]
  3095 | D:4      | Gained mutation: You can translocate small distances at will. [potion of mutation]
  3096 | D:4      | Lost mutation: You have sharp fingernails. [potion of mutation]
  3096 | D:4      | Lost mutation: You tend to lose your temper in combat. [potion of mutation]
  3096 | D:4      | Lost mutation: You can translocate small distances at will. [potion of mutation]
  3096 | D:4      | Lost mutation: Your skin changes colour to match your surroundings (Stealth+). [potion of mutation]
  3096 | D:4      | Gained mutation: You are agile. (Dex +2) [potion of mutation]
  3096 | D:4      | Gained mutation: Armour fits poorly on your strangely shaped body. [potion of mutation]
  3096 | D:4      | Gained mutation: You have a pair of small horns on your head. [potion of mutation]
  3097 | D:4      | Lost mutation: Armour fits poorly on your strangely shaped body. [potion of mutation]
  3097 | D:4      | Lost mutation: You have a pair of small horns on your head. [potion of mutation]
  3097 | D:4      | Lost mutation: You are agile. (Dex +2) [potion of mutation]
  3097 | D:4      | Gained mutation: You tend to lose your temper in combat. [potion of mutation]
  3097 | D:4      | Gained mutation: You are resistant to hostile enchantments. (MR+) [potion of mutation]
  3097 | D:4      | Gained mutation: Your flesh is heat resistant. (rF+) [potion of mutation]
  3097 | D:4      | Gained mutation: You are resistant to electric shocks. (rElec) [potion of mutation]
  3108 | D:4      | Killed Menkaure
  3108 | D:4      | Gained mutation: You are immune to rotting. [demonic ancestry]
  3108 | D:4      | Reached XP level 6. HP: 11/47 MP: 6/6
  3948 | D:4      | Lost mutation: You tend to lose your temper in combat. [potion of mutation]
  3948 | D:4      | Lost mutation: Your flesh is heat resistant. (rF+) [potion of mutation]
  3948 | D:4      | Lost mutation: You are resistant to electric shocks. (rElec) [potion of mutation]
  3948 | D:4      | Gained mutation: Your mind is acute. (Int +2) [potion of mutation]
  3948 | D:4      | Gained mutation: Your system is resistant to poisons. (rPois) [potion of mutation]
  3948 | D:4      | Gained mutation: You have razor-sharp toenails. [potion of mutation]
  3950 | D:5      | Entered Level 5 of the Dungeon
  4005 | D:5      | Found an iron altar of Okawaru.
  4055 | D:5      | Noticed Dowan
  4056 | D:5      | Noticed Duvessa
  4082 | D:5      | Killed Dowan
  4086 | D:5      | Killed Duvessa
  4086 | D:5      | Reached XP level 7. HP: 47/52 MP: 7/7
  4403 | D:5      | Found an ornate altar of the Wu Jian Council.
  4419 | D:5      | Reached skill level 5 in Armour
  4545 | D:5      | Reached skill level 4 in Fighting
  4607 | D:5      | Gained mutation: You are mostly covered in slimy green scales. (AC +3) [demonic ancestry]
  4607 | D:5      | Reached XP level 8. HP: 56/61 MP: 8/8
  4612 | D:5      | Found a staircase to the Ecumenical Temple.
  4677 | D:5      | Reached skill level 5 in Fighting
  4755 | D:5      | Found a basalt altar of Yredelemnul.
  4913 | D:6      | Reached skill level 1 in Axes
  5036 | Temple   | Entered the Ecumenical Temple
  5097 | Temple   | Became a worshipper of Cheibriados the Contemplative
  5743 | D:6      | Reached skill level 5 in Axes
  5965 | D:6      | Reached * piety under Cheibriados
  6202 | D:7      | Found a white marble altar of Elyvilon.
  6424 | D:7      | Mutation became permanent: You have sharp toenails. [demonic ancestry]
  6424 | D:7      | Gained mutation: You have razor-sharp toenails. [demonic ancestry]
  6424 | D:7      | Reached XP level 9. HP: 68/68 MP: 9/9
  6644 | D:7      | Reached ** piety under Cheibriados
  7673 | D:8      | Reached *** piety under Cheibriados
  7677 | D:8      | Found an ancient bone altar of Kikubaaqudgha.
  7910 | D:8      | Found a shimmering altar of Xom.
  8004 | D:8      | Learned a level 2 spell: Blink
  8375 | D:8      | Found a blossoming altar of Fedhas.
  8522 | D:8      | Found an opulent altar of Gozag.
  8522 | D:8      | Found a sacrificial altar of Ru.
  8770 | D:9      | Noticed FessEmpty2's ghost (novice CeHu)
  8811 | D:9      | Killed FessEmpty2's ghost
  8811 | D:9      | Reached skill level 6 in Fighting
  8811 | D:9      | Reached XP level 10. HP: 72/77 MP: 9/12
  9044 | D:9      | Reached skill level 7 in Fighting
  9048 | D:9      | Reached skill level 5 in Invocations
  9056 | D:9      | Reached **** piety under Cheibriados
  9124 | D:9      | Noticed Erica
  9164 | D:9      | Killed Erica
  9344 | D:9      | Reached skill level 8 in Fighting
  9462 | D:9      | Found a bloodstained altar of Trog.
  9465 | D:9      | Found a sparkling altar of Nemelex Xobeh.
  9468 | D:9      | Found a hazy altar of Hepliaklqana.
  9927 | D:10     | Entered Level 10 of the Dungeon
 10079 | D:10     | Noticed a gargoyle
 10086 | D:10     | Killed a gargoyle
 10156 | D:10     | Found Hehoicor's Book Shop.
 10161 | D:10     | Reached ***** piety under Cheibriados
 10552 | D:10     | Reached skill level 10 in Axes
 10552 | D:10     | Reached XP level 11. HP: 87/87 MP: 16/16
 10579 | D:10     | Found Upnuiken's Gadget Shop.
 10729 | D:10     | Found Qudi's Gadget Boutique.
 11572 | D:11     | Reached skill level 9 in Fighting
 11580 | D:11     | Found a staircase to the Orcish Mines.
 11581 | D:11     | Found a roughly hewn altar of Beogh.
 11750 | D:11     | Found a staircase to the Lair.
 11768 | D:11     | Noticed Vulpy's ghost (journeyman HOMo)
 11783 | D:11     | Killed Vulpy's ghost
 11938 | Lair:1   | Entered Level 1 of the Lair of Beasts
 12028 | Lair:1   | Reached ****** piety under Cheibriados
 12052 | Lair:1   | Noticed a six-headed hydra
 12059 | Lair:1   | Killed a six-headed hydra
 12674 | Lair:2   | Noticed Harold
 12681 | Lair:2   | Killed Harold
 13108 | Lair:2   | Reached XP level 12. HP: 97/97 MP: 17/17
 13283 | Lair:2   | Reached skill level 10 in Fighting
 14395 | Lair:3   | Reached skill level 5 in Shields
 14620 | Lair:3   | Found a staircase to the Swamp.
 15811 | Lair:4   | Got a pitted chain mail
 16066 | Lair:4   | Identified the +7 chain mail of Varghoah {rC+ rN+ MR+ Stlth+} (You found it on level 4 of the Lair of Beasts)
 16403 | Lair:4   | Found a staircase to the Snake Pit.
 16407 | Lair:4   | Reached XP level 13. HP: 96/103 MP: 18/18
 16787 | Lair:5   | Noticed Rupert
 16799 | Lair:5   | Killed Rupert
 17467 | Lair:6   | Entered Level 6 of the Lair of Beasts
 17547 | Lair:6   | Found a runed door.
 17547 | Lair:6   | Found a viscous altar of Jiyva.
 17549 | Lair:6   | Found a staircase to the Slime Pits.
 17549 | Lair:6   | Noticed an acid blob
 17550 | Lair:6   | Noticed an acid blob
 18137 | Lair:6   | Noticed Yermak's ghost (journeyman DDFi)
 18158 | Lair:6   | Killed Yermak's ghost
 18587 | Lair:6   | Noticed a dire elephant
 18596 | Lair:6   | Killed a dire elephant
 18697 | Lair:6   | Noticed a dire elephant
 18697 | Lair:6   | Noticed a dire elephant
 19090 | Lair:6   | Killed a dire elephant
 19090 | Lair:6   | Reached skill level 15 in Axes
 19237 | Lair:6   | Noticed a dire elephant
 19247 | Lair:6   | Killed a dire elephant
 19750 | D:12     | Reached skill level 1 in Dodging
 20206 | D:13     | Gained mutation: You may emit foul miasma when damaged in melee. [demonic ancestry]
 20206 | D:13     | Reached XP level 14. HP: 110/110 MP: 20/20
 20624 | D:13     | Found a runed gate.
 20624 | D:13     | Found a runed gate.
 20624 | D:13     | Found a runed gate.
 20631 | D:13     | Noticed a fire giant
 20634 | D:13     | Noticed a fire giant
 20654 | D:13     | Reached skill level 5 in Dodging
 20909 | D:13     | Found a runed gate.
 20909 | D:13     | Found a runed gate.
 20909 | D:13     | Found a runed gate.
 20962 | D:13     | Noticed Maurice
 20979 | D:13     | Killed Maurice
 21550 | D:14     | Found a gate to the Vaults.
 21616 | D:14     | Noticed Agnes
 21622 | D:14     | Killed Agnes
 22495 | D:15     | Entered Level 15 of the Dungeon
 22622 | D:15     | Found a staircase to the Depths.
 22785 | D:15     | Noticed Josephine
 22797 | D:15     | Killed Josephine
 23354 | D:15     | Gained mutation: You have claws for feet. [demonic ancestry]
 23354 | D:15     | Reached XP level 15. HP: 112/117 MP: 21/21
 23744 | Orc:1    | Entered Level 1 of the Orcish Mines
 23744 | Orc:1    | Noticed Fannar
 23761 | Orc:1    | Killed Fannar
 24013 | Orc:2    | Entered Level 2 of the Orcish Mines
 24093 | Orc:2    | Reached skill level 11 in Fighting
 24403 | Orc:2    | Found Jiucoas's Gadget Boutique.
 24475 | Orc:2    | Found Waigof's Distillery.
 24537 | Orc:2    | Found a staircase to the Elven Halls.
 24911 | Orc:2    | Found Riurazxe's Magic Scroll Shoppe.
 24911 | Orc:2    | Found Musowory's Magic Scroll Boutique.
 24913 | Orc:2    | Found Jussono's Antique Armour Shop.
 24915 | Orc:2    | Found Qechatio's Gadget Emporium.
 24919 | Orc:2    | Bought a scroll of blinking for 127 gold pieces
 24920 | Orc:2    | Bought a scroll of acquirement for 624 gold pieces
 25046 | Orc:2    | Bought a pair of pitted gloves for 237 gold pieces
 25046 | Orc:2    | Bought a ring mail for 100 gold pieces
 25056 | Orc:2    | Identified the cursed +0 pair of gloves of Blue Skies {rPois rC- Slay+6} (You bought it in a shop on level 2 of the Orcish Mines)
 25058 | Orc:2    | Bought a runed cloak for 187 gold pieces
 25694 | Snake:1  | Entered Level 1 of the Snake Pit
 25716 | Snake:1  | Reached skill level 1 in Translocations
 25716 | Snake:1  | Reached skill level 1 in Spellcasting
 26037 | Snake:1  | Found Cufuonit's Book Emporium.
 26634 | Snake:1  | Reached skill level 5 in Translocations
 27907 | Snake:2  | Noticed a nagaraja
 27913 | Snake:2  | Noticed Frances
 27914 | Snake:2  | Killed a nagaraja
 27921 | Snake:2  | Reached skill level 10 in Invocations
 27926 | Snake:2  | Killed Frances
 27926 | Snake:2  | Gained mutation: You resist negative energy. (rN+) [demonic ancestry]
 27926 | Snake:2  | Reached XP level 16. HP: 109/126 MP: 23/23
 27982 | Snake:2  | Found Sast's Armour Shoppe.
 27990 | Snake:2  | Found Kogaal's Antique Armour Shop.
 28021 | Snake:2  | Found Fofioj's Weapon Shoppe.
 28297 | Snake:2  | Noticed Azrael
 28312 | Snake:2  | Killed Azrael
 28688 | Snake:2  | Found Zym Qatofocs's Antique Armour Shoppe.
 28692 | Snake:2  | Found Jaewu's Assorted Antiques.
 28869 | Snake:3  | Reached skill level 12 in Fighting
 29291 | Snake:3  | Found Iveaff's Armour Emporium.
 29295 | Snake:3  | Bought the +3 crown of Dyrovepreva {rElec Int+2 SInv} for 496 gold pieces
 29295 | Snake:3  | Found the +3 crown of Dyrovepreva {rElec Int+2 SInv}
 29542 | Snake:3  | Found Plog's Jewellery Emporium.
 29542 | Snake:3  | Found Leleh's Gadget Shop.
 29543 | Snake:3  | Found Inaedaewoa's Jewellery Emporium.
 29796 | Snake:4  | Entered Level 4 of the Snake Pit
 29855 | Snake:4  | Reached skill level 13 in Fighting
 30431 | Snake:4  | Reached skill level 14 in Fighting
 31461 | Snake:4  | Reached XP level 17. HP: 132/140 MP: 26/26
 31473 | Snake:4  | Reached skill level 15 in Fighting
 31892 | Snake:4  | Got a serpentine rune of Zot
 32314 | Swamp:1  | Entered Level 1 of the Swamp
 32995 | Swamp:2  | Reached skill level 10 in Armour
 34225 | Swamp:3  | Reached skill level 16 in Fighting
 34281 | Swamp:3  | Found a glowing golden altar of the Shining One.
 35119 | Swamp:4  | Entered Level 4 of the Swamp
 36009 | Swamp:4  | Noticed the 27-headed Lernaean hydra
 36450 | Swamp:4  | Reached skill level 10 in Shields
 36450 | Swamp:4  | Gained mutation: You are somewhat able to resist unholy torments (1 in 2 success). [demonic ancestry]
 36450 | Swamp:4  | Reached XP level 18. HP: 118/151 MP: 27/27
 36669 | Swamp:4  | Got a decaying rune of Zot
 36806 | Swamp:4  | Killed the 27-headed Lernaean hydra
 37130 | Elf:1    | Entered Level 1 of the Elven Halls
 37235 | Elf:1    | Found a magical portal.
 37247 | WizLab   | Entered The Chambers of the Cloud Mage
 37927 | WizLab   | Noticed Wicvimemaq
 38381 | WizLab   | Killed Wicvimemaq the Cloud Mage
 38734 | WizLab   | Learned a level 1 spell: Apportation
 38736 | WizLab   | Got a vibrating platinum ring
 38737 | WizLab   | Identified the ring of Dukubum {+Blink +Fly rF+ Int+4 SInv} (You found it in a wizard's laboratory)
 38745 | WizLab   | Got a fine ivory ring
 38746 | WizLab   | Identified the ring "Awexie" {+Fly rPois rC+ Dex+5} (You found it in a wizard's laboratory)
 38756 | WizLab   | Identified the Volume of Flight
 39494 | Elf:1    | Found a deep blue altar of Sif Muna.
 40762 | Elf:2    | Found a runed gate.
 40762 | Elf:2    | Found a runed gate.
 40762 | Elf:2    | Found a runed gate.
 41058 | Elf:2    | Reached XP level 19. HP: 131/157 MP: 28/28
 41547 | Elf:3    | Entered Level 3 of the Elven Halls
 42008 | Orc:2    | Bought a scroll of teleportation for 36 gold pieces
 42223 | Snake:2  | Bought a scroll of teleportation for 132 gold pieces
 42447 | Vaults:1 | Entered Level 1 of the Vaults
 42513 | Vaults:1 | Noticed Saint Roka
 42516 | Vaults:1 | Noticed Jorgrun
 42533 | Vaults:1 | Killed Saint Roka
 42540 | Vaults:1 | Killed Jorgrun
 42755 | Vaults:1 | Found a shattered altar of Ashenzari.
 43632 | Vaults:1 | Noticed Donald
 43643 | Vaults:1 | Killed Donald
 43647 | Vaults:1 | Reached skill level 15 in Armour
 44691 | Vaults:2 | Found Zuxtiely's Gadget Emporium.
 44920 | Vaults:2 | Gained mutation: A demonic guardian rushes to your aid. [demonic ancestry]
 44920 | Vaults:2 | Reached XP level 20. HP: 161/165 MP: 29/29
 44939 | Vaults:2 | Reached skill level 15 in Shields
 45430 | Vaults:2 | Found Naoth's Food Shop.
 45487 | Vaults:2 | Found Hejitem's Book Shoppe.
 45631 | Vaults:2 | Found Yczoewkatesk's Antique Weapon Shop.
 45725 | Vaults:3 | Reached skill level 17 in Fighting
 46065 | Vaults:3 | Found Lawuc's Antique Armour Boutique.
 46934 | Vaults:3 | Found a staircase to the Crypt.
 47078 | Vaults:3 | Reached skill level 18 in Fighting
 47490 | Vaults:4 | Found Elefreid's Food Shoppe.
 47650 | Vaults:4 | Learned a level 1 spell: Summon Butterflies
 47865 | Vaults:4 | Reached skill level 19 in Fighting
 48144 | Vaults:4 | Gained mutation: You are completely covered in slimy green scales. (AC +4, rPois) [demonic ancestry]
 48144 | Vaults:4 | Reached XP level 21. HP: 154/180 MP: 30/30
 48750 | Depths:1 | Entered Level 1 of the Depths
 48910 | Depths:1 | Noticed Asterion
 48992 | D:15     | Reached skill level 20 in Fighting
 49042 | D:15     | Killed Asterion
 49616 | Depths:1 | Found a gateway to Hell.
 49699 | Depths:1 | Reached skill level 21 in Fighting
 50102 | Depths:2 | Noticed a caustic shrike
 50103 | Depths:2 | Noticed a caustic shrike
 50103 | Depths:2 | Noticed a caustic shrike
 50103 | Depths:2 | Noticed a caustic shrike
 50105 | Depths:2 | Noticed a caustic shrike
 50105 | Depths:2 | Killed a caustic shrike
 50105 | Depths:2 | Killed a caustic shrike
 50105 | Depths:2 | Killed a caustic shrike
 50106 | Depths:2 | Killed a caustic shrike
 50106 | Depths:2 | Killed a caustic shrike
 50273 | Depths:2 | Found a blossoming altar of Fedhas.
 50320 | Depths:2 | Reached XP level 22. HP: 181/194 MP: 32/32
 50571 | Depths:2 | Reached skill level 15 in Invocations
 50836 | Depths:2 | Reached skill level 10 in Dodging
 50941 | Depths:2 | Noticed a golden dragon
 50949 | Depths:2 | Killed a golden dragon
 51155 | Depths:2 | Found a stormy altar of Qazlal.
 51330 | Depths:2 | Found a sacrificial altar of Ru.
 51589 | Depths:2 | Found a deep blue altar of Sif Muna.
 52017 | Depths:3 | Found a one-way gate leading to the halls of Pandemonium.
 52662 | Depths:3 | Found a portal to a secret trove of treasure.
 53289 | Depths:3 | Found a one-way gate to the infinite horrors of the Abyss.
 53609 | Depths:4 | Noticed Mara
 53629 | Depths:4 | Noticed Kenran's illusion
 53741 | Depths:4 | Noticed Kenran's illusion
 53748 | Depths:4 | Noticed Kenran's illusion
 53748 | Depths:4 | Killed Mara
 53748 | Depths:4 | Reached XP level 23. HP: 170/200 MP: 28/34
 54251 | Depths:4 | Noticed a juggernaut
 54256 | Depths:4 | Killed a juggernaut
 54291 | Depths:4 | Found a gateway to a ziggurat.
 54635 | Depths:4 | Noticed a juggernaut
 54644 | Depths:4 | Killed a juggernaut
 56185 | Depths:5 | Entered Level 5 of the Depths
 56885 | Depths:5 | Paralysed by a floating eye for 4 turns
 57134 | Depths:5 | Noticed a caustic shrike
 57138 | Depths:5 | Noticed a caustic shrike
 57140 | Depths:5 | Noticed a caustic shrike
 57144 | Depths:5 | Killed a caustic shrike
 57148 | Depths:5 | Killed a caustic shrike
 57148 | Depths:5 | Killed a caustic shrike
 57312 | Depths:5 | Found a gate to the Realm of Zot.
 57449 | Depths:5 | Found a glowing golden altar of the Shining One.
 57999 | D:13     | Gained mutation: Your melee attacks may debilitate your foes. [demonic ancestry]
 57999 | D:13     | Reached XP level 24. HP: 208/208 MP: 34/34
 58340 | Slime:1  | Entered Level 1 of the Pits of Slime
 58769 | Slime:4  | Gained mutation: You are clumsy. (Dex -2) [a shining eye]
 58774 | Slime:4  | Gained mutation: You occasionally shout uncontrollably at your foes. [a shining eye]
 58781 | Slime:4  | Gained mutation: Armour fits poorly on your strangely shaped body. [a shining eye]
 58798 | Slime:4  | Lost mutation: You are clumsy. (Dex -2) [potion of mutation]
 58798 | Slime:4  | Lost mutation: Your system is resistant to poisons. (rPois) [potion of mutation]
 58798 | Slime:4  | Gained mutation: You are highly resistant to hostile enchantments. (MR++) [potion of mutation]
 58798 | Slime:4  | Lost mutation: Armour fits poorly on your strangely shaped body. [potion of mutation]
 58798 | Slime:4  | Gained mutation: You are covered in fur. (AC +1) [potion of mutation]
 58864 | Slime:5  | Entered Level 5 of the Pits of Slime
 58987 | Slime:5  | Noticed the Royal Jelly
 59675 | Slime:5  | Found a viscous altar of Jiyva.
 59698 | Slime:5  | Killed the Royal Jelly
 59700 | Slime:5  | Slain by an acid blob

Skill      XL: |  1  2  3  4  5  6  7  8  9 10 11 12 13 14 15 16 17 18 19 20 21 22 23 24 |
---------------+-------------------------------------------------------------------------+-----
Maces & Flails | 2 3 4 6 9 |  9.2
Armour         | 4 5 6 7 8 11 12 15 17 19 | 19.2
Fighting       | 4 5 6 8 9 10 11 14 16 19 21 | 21.0
Axes           | 6 9 10 11 13 15 | 15.4
Invocations    | 3 6 8 10 12 14 15 | 15.4
Shields        | 3 6 8 10 13 14 15 16 17 | 17.0
Dodging        | 3 6 7 8 10 12 | 12.4
Translocations | 7 |  7.1
Spellcasting   | 4 |  4.1

Action                   |  1- 3 |  4- 6 |  7- 9 | 10-12 | 13-15 | 16-18 | 19-21 | 22-24 || total
-------------------------+-------+-------+-------+-------+-------+-------+-------+-------++-------
Melee: Flail             |   134 |    55 |       |       |       |       |       |       ||   189
       Kick              |    12 |    46 |   165 |   324 |   558 |   616 |   693 |   683 ||  3097
       Mace              |       |   111 |   403 |   113 |    10 |       |       |       ||   637
       Broad axe         |       |       |       |   465 |   474 |       |       |       ||   939
       Demon whip        |       |       |       |       |   498 |  1154 |  1150 |  1094 ||  3896
Invok: Bend Time         |       |       |       |     5 |     5 |     3 |     1 |       ||    14
       Slouch            |       |       |       |       |     7 |     7 |     3 |    11 ||    28
       Step From Time    |       |       |       |       |       |     1 |       |     1 ||     2
Evoke: Wand              |       |       |       |     8 |    14 |       |       |     2 ||    24
       Phial of floods   |       |       |       |       |       |       |       |     1 ||     1
  Use: Scroll            |     4 |     3 |     4 |    10 |    18 |    16 |     8 |     4 ||    67
       Potion            |       |     5 |       |     4 |       |     9 |       |     4 ||    22
 Stab: Distracted        |       |       |       |    10 |    14 |     7 |     8 |     9 ||    48
       Confused          |       |       |       |       |       |     1 |       |       ||     1
  Eat: Chunk             |     3 |     7 |     5 |     7 |     9 |     7 |     8 |     1 ||    47
       Ration            |       |       |     2 |     3 |     4 |     5 |     3 |     5 ||    22
Armor: Scale mail        |    54 |    50 |       |       |       |       |       |       ||   104
       Plate armour      |       |    44 |   214 |   277 |       |       |       |       ||   535
       Chain mail        |       |       |       |     3 |   252 |   351 |   152 |   188 ||   946
       Acid dragon scale |       |       |       |       |       |       |       |    53 ||    53
Dodge: Dodged            |    41 |    28 |    14 |    64 |   130 |   243 |   203 |   302 ||  1025
Block: Shield            |    76 |    73 |     3 |       |       |       |       |       ||   152
       Large shield      |       |       |   346 |   642 |  1119 |  1349 |  1116 |  1199 ||  5771
       Reflection        |       |       |       |       |   132 |   157 |   140 |    82 ||   511
